 Dungeon Crawl Stone Soup version 0.29.0-4-gdea44cf6ec (webtiles) character file.

Game seed: 7136057973157408550

1284 qw the Grappler (level 8, -7/75 HPs)
             Began as a Troll Cinder Acolyte on Sept 1, 2022.
             Was a Priest of Ignis.
             Mangled by a two-headed ogre
             ... wielding a +0 giant club
              (33 damage)
             ... on level 5 of the Dungeon.
             The game lasted 00:02:19 (4076 turns).

qw the Grappler (Troll Cinder Acolyte)              Turns: 4076, Time: 00:02:19

Health: -7/75      AC: 11    Str: 22    XL:     8   Next: 29%
Magic:  8/8        EV:  9    Int: 10    God:    Ignis [***...]
Gold:   310        SH:  0    Dex:  5    Spells: 9/9 levels left

rFire   + . .      SeeInvis +     - Unarmed
rCold   + . .      Faith    .   (no shield)
rNeg    . . .      Spirit   .   a - +0 robe
rPois   .          Reflect  .   (helmet restricted)
rElec   .          Harm     .   (no cloak)
rCorr   .          Rampage  .   (gloves unavailable)
Will    .....                   (boots unavailable)
Stlth   +.........              (no amulet)
HPRegen 1.02/turn               f - ring of the Peasants {+Blink rC+ Str-3 SInv}
MPRegen 0.11/turn               (no ring)

@: fiery-armoured
A: large, unfitting armour, claws 3, regeneration 1, shaggy fur 1, tough skin 1
a: Renounce Religion, Evoke Blink, Fiery Armour, Foxfire Swarm, Rising Flame


You were on level 5 of the Dungeon.
You worshipped Ignis.
Ignis was most pleased with you.
You visited 1 branch of the dungeon, and saw 5 of its levels.

You collected 310 gold pieces.


Innate Abilities, Weirdness & Mutations

You are too large for most types of armour.
You have claws for hands.
Your natural rate of healing is unusually fast.
You are covered in fur. (AC +1)
You have tough skin. (AC +1)


   Skills:
 + Level 3.0 Fighting
 - Level 1.3 Dodging
 - Level 10.1 Unarmed Combat
 - Level 1.0 Spellcasting
 - Level 2.1 Fire Magic


You had 9 spell levels left.
You didn't know any spells.
Your spell library contained the following spells:

 Spells                   Type           Power      Damage    Failure   Level
 Scorch                   Fire           8%         2d5       22%         2

Inventory:

Armour
 a - a +0 robe (worn)
Jewellery
 f - the ring of the Peasants (left claw) {+Blink rC+ Str-3 SInv}
   (You found it on level 2 of the Dungeon)

   [ring of see invisible]

   Str:       It affects your strength (-3).
   rC:        It protects you from cold.
   SInv:      It lets you see invisible.
   +Blink:    It lets you blink.
Scrolls
 e - 2 scrolls of enchant weapon
 g - a scroll of teleportation
 k - a scroll of blinking {unknown}
 Y - 4 scrolls of identify
Potions
 b - a potion of mutation
 c - 3 potions of curing
 d - a potion of cancellation {unknown}
 h - 2 potions of heal wounds
 i - a potion of resistance
 j - a potion of flight {unknown}
 l - a potion of magic {unknown}
 n - a potion of ambrosia {unknown}

Dungeon Overview and Level Annotations

Branches:
Dungeon (5/15)
 Temple: D:4-7

Altars:

Shops:
D:4 *

Annotations:
D:4 1 runed translucent door, Crazy Yiuf
D:5 2 runed translucent doors


Message History

Prince Ribbit blinks!
You feel sick.
You feel sick.
You feel sick.
You are no longer poisoned.
You miss Prince Ribbit.
Prince Ribbit is severely wounded.
Prince Ribbit barely misses you. Prince Ribbit hits you!
You mangle Prince Ribbit!!
You kill Prince Ribbit!
Prince Ribbit returns to his original shape as he dies.
Your Unarmed Combat skill increases to level 10!
You start resting.
HP restored.
You see here a scorpion corpse.
Found a stone staircase leading down.
You now have 310 gold pieces (gained 13).
A two-headed ogre comes into view.
It is wielding a +0 giant club and a +0 giant spiked club.
The two-headed ogre shouts in stereo!
Enter note: You barely miss the two-headed ogre.
The two-headed ogre hits you with a +0 giant club!!
The two-headed ogre hits you with a +0 giant spiked club.
You scratch the two-headed ogre but do no damage.
You scratch the two-headed ogre. You claw the two-headed ogre.
The two-headed ogre is lightly wounded.
The two-headed ogre barely misses you.
The two-headed ogre hits you with a +0 giant spiked club!
4074 ||| INVOKING Fiery Armour.
A protective cloak of flame settles atop you.
You barely miss the two-headed ogre.
The two-headed ogre is lightly wounded.
The two-headed ogre hits you with a +0 giant club!
The two-headed ogre is burned by your cloak of flames.
The two-headed ogre is lightly wounded.
The two-headed ogre barely misses you.
You barely miss the two-headed ogre.
The two-headed ogre is lightly wounded.
The two-headed ogre hits you with a +0 giant club!!
You die...

...##..######
........##..# #.#
...........## #..#
...........# ...#
..>...##...## ...#
.....#####..## ....#
......# ##..## #....
......## ##..###O.#
.......## ##...@.#
........## ##...##
....##...## #...#
#...###...####...##
##...###....#%....##
##...###....%.....#
##....#......###..#
#........### #..#
##.......# #


You could see a two-headed ogre.

Vanquished Creatures
  Prince Ribbit (D:5)
  Menkaure (D:4)
  Edmund (D:4)
  A water moccasin (D:5)
  A sky beast (D:3)
  2 phantoms (D:5)
  2 scorpions (D:5)
  A hound (D:4)
  3 orc priests (D:5)
  An iguana (D:4)
  2 orc wizards (D:5)
  Robin (D:2)
  6 adders
  An ufetubus (D:4)
  2 worms (D:2)
  A dart slug (D:3)
  20 orcs
  8 ball pythons
  8 endoplasms
  2 giant cockroaches
  14 goblins
  11 hobgoblins
  6 kobolds
  2 quokkas
  7 bats
  3 rats
108 creatures vanquished.

Notes
Turn   | Place    | Note
-------+----------+-------------------------------------------
     0 | D:1      | qw the Troll Cinder Acolyte began the quest for the Orb.
     0 | D:1      | Reached XP level 1. HP: 22/22 MP: 1/1
     0 | D:1      | 0 ||| qw: Version: 0.1-a-97-g2dd2ca4
     0 | D:1      | 0 ||| qw: Game counter: 4725
     0 | D:1      | 0 ||| qw: Always use a shield: true
     0 | D:1      | 0 ||| qw: God list: Okawaru
     0 | D:1      | 0 ||| qw: Allow faded altars: false
     0 | D:1      | 0 ||| qw: Do Orc after D:15 true
     0 | D:1      | 0 ||| qw: Do second Lair branch before Depths: true
     0 | D:1      | 0 ||| qw: Lair rune preference: random
     0 | D:1      | 0 ||| qw: Plans: Normal
     0 | D:1      | 0 ||| PLANNING D:1-11
   280 | D:1      | Reached XP level 2. HP: 29/29 MP: 2/2
   503 | D:1      | Reached skill level 4 in Unarmed Combat
   690 | D:1      | 690 ||| READING scroll labelled VOLUSM HUYRIT.
   691 | D:1      | 691 ||| READING scroll labelled SUAP NIDIG.
   692 | D:1      | 692 ||| READING scroll labelled ODAKLY XYCW.
   693 | D:1      | 693 ||| DRINKING 2 fuming amethyst potions.
   720 | D:2      | 720 ||| STAIRDANCE
   732 | D:1      | Reached XP level 3. HP: 32/36 MP: 3/3
   836 | D:2      | 836 ||| Stepping ~*~*~tactically~*~*~ (stealth).
   838 | D:2      | 838 ||| Stepping ~*~*~tactically~*~*~ (stealth).
  1056 | D:2      | Identified the ring of the Peasants {+Blink rC+ Str-3 SInv}
  1215 | D:2      | Reached XP level 4. HP: 44/44 MP: 4/4
  1321 | D:2      | Reached skill level 5 in Unarmed Combat
  1336 | D:2      | Noticed Robin
  1342 | D:2      | 1342 ||| INVOKING Fiery Armour.
  1348 | D:2      | Killed Robin
  1489 | D:2      | 1489 ||| Stepping ~*~*~tactically~*~*~ (stealth).
  1498 | D:2      | 1498 ||| Stepping ~*~*~tactically~*~*~ (outnumbered).
  1511 | D:2      | 1511 ||| Stepping ~*~*~tactically~*~*~ (stealth).
  1512 | D:2      | 1512 ||| Stepping ~*~*~tactically~*~*~ (stealth).
  1601 | D:2      | 1601 ||| UPGRADING to ring of the Peasants {+Blink rC+
                  | Str-3 SInv}.
  1602 | D:2      | 1602 ||| DROPPING ring of magical power.
  1603 | D:2      | 1603 ||| READING scroll labelled NUADYI RESKE.
  1606 | D:2      | 1606 ||| READING scroll labelled QIEMPIN RIFIU.
  1607 | D:2      | 1607 ||| READING scroll labelled OCHIEDWIHA.
  2260 | D:3      | 2260 ||| Stepping ~*~*~tactically~*~*~ (stealth).
  2428 | D:3      | Noticed a sky beast
  2439 | D:3      | 2439 ||| INVOKING Fiery Armour.
  2441 | D:3      | Killed a sky beast
  2442 | D:3      | Reached skill level 6 in Unarmed Combat
  2442 | D:3      | Reached XP level 5. HP: 22/50 MP: 5/5
  2541 | D:3      | 2541 ||| READING scroll labelled DETESH VOULIL.
  2542 | D:3      | 2542 ||| READING scroll labelled RYR WE BAEFFI.
  2543 | D:3      | 2543 ||| DRINKING 2 pink potions.
  2589 | D:4      | Identified the +10 hand axe of Subjectivity {venom, *Slow
                  | +Blink rPois Str+10}
  2645 | D:4      | Found a runed translucent door.
  2646 | D:4      | Noticed Crazy Yiuf
  2685 | D:4      | Found Zajuj's CLEARANCE SALE!.
  2690 | D:4      | Noticed Edmund
  2700 | D:4      | 2700 ||| Stepping ~*~*~tactically~*~*~ (outnumbered).
  2701 | D:4      | 2701 ||| Stepping ~*~*~tactically~*~*~ (outnumbered).
  2702 | D:4      | 2702 ||| Stepping ~*~*~tactically~*~*~ (outnumbered).
  2703 | D:4      | 2703 ||| Stepping ~*~*~tactically~*~*~ (outnumbered).
  2704 | D:4      | 2704 ||| Stepping ~*~*~tactically~*~*~ (outnumbered).
  2705 | D:4      | 2705 ||| INVOKING Fiery Armour.
  2706 | D:4      | 2706 ||| Stepping ~*~*~tactically~*~*~ (outnumbered).
  2709 | D:4      | Reached XP level 6. HP: 15/59 MP: 6/6
  2710 | D:4      | Killed Edmund
  2711 | D:4      | Reached skill level 7 in Unarmed Combat
  2768 | D:4      | 2768 ||| SHOPLISTING +9 shadow dragon scales "Pied Kont"
                  | {rPois rF++ Str-2 Slay+3 Stlth++++} (417 gold, have 190).
  2872 | D:4      | 2872 ||| Stepping ~*~*~tactically~*~*~ (stealth).
  2929 | D:4      | Noticed Menkaure
  2932 | D:4      | Killed Menkaure
  2933 | D:4      | Reached skill level 8 in Unarmed Combat
  2933 | D:4      | Reached XP level 7. HP: 36/66 MP: 7/7
  3479 | D:4      | 3479 ||| READING 4 scrolls labelled PULEEFIEGI.
  3480 | D:4      | 3480 ||| DRINKING 2 amethyst potions.
  3481 | D:4      | 3481 ||| DRINKING 2 glowing green potions.
  3510 | D:4      | 3510 ||| READING 3 scrolls of identify.
  3510 | D:4      | 3510 ||| IDENTIFYING sapphire potion
  3511 | D:4      | 3511 ||| READING 2 scrolls of identify.
  3511 | D:4      | 3511 ||| IDENTIFYING emerald potion
  3512 | D:4      | 3512 ||| DROPPING potion of invisibility.
  3513 | D:4      | 3513 ||| DROPPING potion of lignification.
  3557 | D:5      | Entered Level 5 of the Dungeon
  3585 | D:5      | 3585 ||| Stepping ~*~*~tactically~*~*~ (stealth).
  3599 | D:5      | 3599 ||| Stepping ~*~*~tactically~*~*~ (hiding).
  3619 | D:5      | 3619 ||| Stepping ~*~*~tactically~*~*~ (hiding).
  3631 | D:5      | 3631 ||| DRINKING 4 potions of curing.
  3631 | D:5      | 3631 ||| (to cure confusion)
  3636 | D:5      | Reached skill level 3 in Fighting
  3645 | D:5      | 3645 ||| Stepping ~*~*~tactically~*~*~ (hiding).
  3646 | D:5      | 3646 ||| Stepping ~*~*~tactically~*~*~ (hiding).
  3651 | D:5      | 3651 ||| Stepping ~*~*~tactically~*~*~ (outnumbered).
  3652 | D:5      | 3652 ||| Stepping ~*~*~tactically~*~*~ (outnumbered).
  3659 | D:5      | 3659 ||| INVOKING Fiery Armour.
  3665 | D:5      | 3665 ||| FLEEEEING.
  3666 | D:5      | 3666 ||| FLEEEEING.
  3667 | D:5      | 3667 ||| FLEEEEING.
  3668 | D:5      | 3668 ||| FLEEEEING.
  3669 | D:5      | 3669 ||| FLEEEEING.
  3670 | D:5      | 3670 ||| FLEEEEING.
  3671 | D:5      | 3671 ||| FLEEEEING.
  3672 | D:5      | 3672 ||| FLEEEEING.
  3673 | D:5      | 3673 ||| FLEEEEING.
  3680 | D:5      | 3680 ||| Stepping ~*~*~tactically~*~*~ (stealth).
  3687 | D:5      | 3687 ||| Stepping ~*~*~tactically~*~*~ (stealth).
  3796 | D:5      | Found a large runed translucent door.
  3797 | D:5      | Found a large runed translucent door.
  3928 | D:5      | Reached skill level 9 in Unarmed Combat
  3970 | D:5      | Reached skill level 1 in Dodging
  3978 | D:5      | Noticed Prince Ribbit
  3987 | D:5      | 3987 ||| Stepping ~*~*~tactically~*~*~ (outnumbered).
  3988 | D:5      | 3988 ||| Stepping ~*~*~tactically~*~*~ (outnumbered).
  3989 | D:5      | 3989 ||| Stepping ~*~*~tactically~*~*~ (outnumbered).
  3994 | D:5      | 3994 ||| Stepping ~*~*~tactically~*~*~ (outnumbered).
  3996 | D:5      | Reached XP level 8. HP: 71/75 MP: 8/8
  4008 | D:5      | Killed Prince Ribbit
  4009 | D:5      | Reached skill level 10 in Unarmed Combat
  4067 | D:5      | Noticed a two-headed ogre
  4074 | D:5      | 4074 ||| INVOKING Fiery Armour.
  4076 | D:5      | Mangled by a two-headed ogre

Levels and vault maps discovered:
D:1:      dpeg_arrival_three_smaller_balls, layout_loops_ring
D:2:      layout_loops_ring, minmay_hedge_maze, guppyfry_early_orc_mine,
          uniq_robin
D:3:      layout_loops_corners
D:4:      layout_loops_ring, nicolae_shop_clearance, uniq_edmund,
          uniq_crazy_yiuf_cottage, uniq_menkaure
D:5:      layout_layer_cave, jmf_multi_god_temple2, uniq_prince_ribbit1

Skill      XL: |  1  2  3  4  5  6  7  8 |
---------------+-------------------------+-----
Unarmed Combat | 4 6 8 9 10 | 10.1
Fighting       | 3 |  3.0
Dodging        | 1 |  1.3
Spellcasting   | |  1.0
Fire Magic     | |  2.1

Action                   |  1- 3 |  4- 6 |  7- 9 || total
-------------------------+-------+-------+-------++-------
Melee: Unarmed           |    99 |    89 |   109 ||   297
       Punch             |     2 |     2 |     5 ||     9
Invok: Fiery Armour      |       |     3 |     2 ||     5
  Use: Scroll            |     3 |     5 |     3 ||    11
       Potion            |     1 |     1 |     3 ||     5
Armor: Robe              |    20 |    26 |    25 ||    71
Dodge: Dodged            |    45 |    21 |    33 ||    99

Table legend:
 A = Non-vault XP
 B = Vault XP
 C = Vault XP percentage of total XP
 D = Non-vault monster count
 E = Vault monster count
 F = Vault count percentage of total count
                 A         B        C        D         E       F
            +---------+---------+-------+---------+---------+-------
      Total |    1169 |     666 |  36.3 |      85 |      23 |  21.3
            +---------+---------+-------+---------+---------+-------
        D:1 |      46 |       0 |   0.0 |      18 |       0 |   0.0
        D:2 |      44 |      57 |  56.4 |      16 |      20 |  55.6
        D:3 |     155 |       0 |   0.0 |      14 |       0 |   0.0
        D:4 |     157 |     335 |  68.1 |      16 |       2 |  11.1
        D:5 |     767 |     274 |  26.3 |      21 |       1 |   4.5
            +---------+---------+-------+---------+---------+-------
